 Dungeon Crawl Stone Soup version 0.29-a0-323-g050149af67 (webtiles) character file.

Game seed: 12500445243337167055

4750 Jortsu the Cleaver (level 10, -10/90 HPs)
             Began as a Hill Orc Fighter on Apr 10, 2022.
             Was a Priest of Beogh.
             Killed from afar by Erica (25 damage)
             ... with a lance of force
             ... on level 9 of the Dungeon.
             The game lasted 00:21:17 (7956 turns).

Jortsu the Cleaver (Hill Orc Fighter)               Turns: 7956, Time: 00:21:18

Health: -10/90     AC: 20    Str: 28    XL:     10   Next: 46%
Magic:  10/10      EV:  8    Int:  8    God:    Beogh [***...]
Gold:   568        SH: 10    Dex: 12    Spells: 9/9 levels left

rFire   + . .      SeeInvis .   a - +1 war axe (vamp)
rCold   x . .      Faith    .   c - +0 buckler
rNeg    . . .      Spirit   .   j - +1 plate armour
rPois   .          Reflect  +   (no helmet)
rElec   .          Harm     .   e - +0 cloak
rCorr   .          Rampage  .   (no gloves)
Will    .....                   A - +1 pair of boots
Stlth   ..........              B - amulet "Daosaebb" {Reflect rF+ rC- Regen+ SH+5}
HPRegen 1.05/turn               y - +6 ring of strength
MPRegen 0.12/turn               z - +4 ring of slaying

@: lethally poisoned (-10 -> -18), about to teleport, slowed, very slow
A: iridescent scales 1
a: Renounce Religion, Smiting


You were on level 9 of the Dungeon.
You worshipped Beogh.
Beogh was most pleased with you.
You visited 1 branch of the dungeon, and saw 9 of its levels.
You also visited: Sewer and Ossuary.

You collected 568 gold pieces.

Inventory:

Hand Weapons
 a - a +1 vampiric war axe (weapon)
Missiles
 q - 4 silver javelins (quivered)
Armour
 c - a +0 buckler (worn)
 e - a +0 cloak (worn)
 j - a +1 plate armour (worn)
 A - a +1 pair of boots (worn)
Jewellery
 k - a +6 ring of dexterity
 n - a +6 ring of dexterity
 y - a +6 ring of strength (left hand)
 z - a +4 ring of slaying (right hand)
 B - the amulet "Daosaebb" (around neck) {Reflect rF+ rC- Regen+ SH+5}
   (You acquired it on level 7 of the Dungeon)

   [amulet of reflection]

   It reflects blocked missile attacks.
   rF:        It protects you from fire.
   rC:        It makes you vulnerable to cold.
   Regen:     It increases your rate of health regeneration.
   SH:        It affects your SH (+5).
 I - a +6 ring of strength
Wands
 l - a wand of polymorph (5)
 p - a wand of mindburst (13)
 w - a wand of digging (3)
 C - a wand of flame (28)
 G - a wand of paralysis (5)
Scrolls
 g - 8 scrolls of teleportation
 m - a scroll of torment
 s - 3 scrolls of blinking
 u - a scroll of enchant armour
 D - 3 scrolls of fear
 F - a scroll of amnesia {unknown}
Potions
 b - 2 potions of magic
 d - 2 potions of might
 f - 9 potions of curing
 h - 4 potions of brilliance
 i - a potion of mutation
 o - 3 potions of berserk rage
 r - a potion of heal wounds {unknown}
 t - 2 potions of invisibility
 v - a potion of haste
 x - 2 potions of ambrosia
 E - a potion of attraction {unknown}
 H - a potion of flight {unknown}


   Skills:
 + Level 8.6 Fighting
 + Level 12.9 Axes
 + Level 7.8 Armour
 + Level 2.2 Dodging
 + Level 1.3 Stealth
 + Level 6.8 Shields
 + Level 2.3 Unarmed Combat


You had 9 spell levels left.
You didn't know any spells.
Your spell library contained the following spells:

 Spells                   Type           Power      Damage    Failure   Level
 Shock                    Conj/Air       0%         1d3       99%         1
 Gell's Gravitas          Tloc           0%         N/A       100%        3
 Lesser Beckoning         Tloc           0%         N/A       100%        3
 Swiftness                Air            0%         N/A       100%        3
 Teleport Other           Tloc           0%         N/A       100%        3
 Tukima's Dance           Hex            0%         N/A       100%        3
 Airstrike                Air            0%         N/A       100%        4
 Passage of Golubria      Tloc           0%         N/A       100%        4
 Yara's Violent Unravell  Hex/Tmut       0%         3d3       100%        5


Dungeon Overview and Level Annotations

Branches:
Dungeon (9/15)             Temple (0/1) D:5           Sewer (visited)
Ossuary (visited)
   Lair: D:8-11         Orc: D:9-12

Altars:
Makhleb
Nemelex Xobeh
Okawaru
Qazlal
Sif Muna
Xom
Zin

Shops:
D:2 :**=   D:3 *   D:6 [

Annotations:
D:5 2 transporters
D:9 Erica


Innate Abilities, Weirdness & Mutations

You are partially covered in iridescent scales. (AC +2)


Message History

Erica flickers and vanishes!
You block the orange demon's attack. The orange demon closely misses you.
Your orc closely misses the iron imp.
Something hits you.
You hit something.
You feel better.
You hit the orange demon.
You feel very sick. You block the orange demon's attack.
The orange demon hits you but does no damage.
The iron imp shouts, "Escape, thou puking hedge-born flap-bat!"
Something hits you.
Your orc closely misses the kobold.
The orange demon barely misses you. You block the orange demon's attack.
You miss something. You slash the orange demon!
You feel very sick. Something hits you.
An orc comes into view. It is wielding a +2 vorpal falchion.
The orc relaxes its fighting stance and smiles at you.
It shouts, "Surely Beogh must have sent you!"
Your orc barely misses the shadow imp.
The orange demon stings you.
The orange demon hits you but does no damage.
As you read the scroll of teleportation, it crumbles to dust.
You feel strangely unstable.
You feel sick.
Your orc hits the kobold with a +0 club.
You hear some strange, mumbled words.
You feel as though you will be slow longer.
You block the orange demon's attack.
The orange demon hits you but does no damage.
Something hits you but does no damage. Something barely misses your orc.
Your orc closely misses the kobold.
Your orc hits the shadow imp with a +2 vorpal falchion.
You feel sick. You block the orange demon's attack.
You hear some strange, mumbled words.
A bolt of poison appears from out of thin air!
The bolt of poison hits you!
You are more poisoned.
* * * LOW HITPOINT WARNING * * *
The orange demon closely misses you.
You feel extremely sick.
You hear some strange, mumbled words.
A lance of force appears from out of thin air!
The lance of force hits you!!
You die...

#.# #.# #.#
########'##
#......†..# ###.
#.........#####4Koo.
+.........##4{KK55{.
#.........##)#
#.........@.)#
#.........####
#.........#
###########


You could see a kobold demonologist, a chaos spawn (summoned) and a kobold.

Vanquished Creatures
  A two-headed ogre (D:9)
  The ghost of paps the Covert, a novice GrMo of Hepliaklqana (D:9)
  Psyche (D:8)
  A hornet (D:9)
  A wraith (D:9)
  An acid dragon (D:9)
  2 water moccasins
  Pargi (Sewer)
  2 ice beasts
  2 orc warriors
  2 centaurs
  4 kobold brigands
  A gnoll sergeant (D:8)
  4 necrophages
  2 scorpions (D:5)
  4 wights (D:8)
  4 howler monkeys
  2 centaur zombies (Ossuary)
  4 hounds
  A gnoll shaman (D:8)
  An orc priest (D:5)
  A jelly (D:8)
  Jessica (D:3)
  4 iguanas
  Natasha (thrice) (D:4)
  10 orc wizards
  5 mummies (Ossuary)
  11 gnolls
  8 adders
  A white imp (D:8)
  An ufetubus (D:4)
  3 worms
  6 dart slugs
  32 orcs
  8 ball pythons
  9 endoplasms
  2 giant cockroaches
  7 hobgoblins
  19 kobolds
  8 quokkas
  15 bats
  6 frilled lizards
  4 goblins
  2 hobgoblin zombies (Ossuary)
  3 rats
211 creatures vanquished.

Vanquished Creatures (collateral kills)
  A yak (D:9)
  A wyvern (D:9)
  An acid dragon (D:9)
  A killer bee (D:9)
4 creatures vanquished.

Vanquished Creatures (others)
  2 orc warriors (D:9)
  An orc priest (D:5)
  An orc wizard (D:8)
  3 orcs (D:9)
  6 plants
13 creatures vanquished.

Grand Total: 228 creatures vanquished

Notes
Turn   | Place    | Note
-------+----------+-------------------------------------------
     0 | D:1      | Jortsu the Hill Orc Fighter began the quest for the Orb.
     0 | D:1      | Reached XP level 1. HP: 19/19 MP: 1/1
   168 | D:1      | Reached XP level 2. HP: 20/27 MP: 2/2
   245 | D:1      | Reached skill level 3 in Axes
   295 | D:1      | Found a faded altar of an unknown god.
  1231 | D:1      | Reached XP level 3. HP: 33/33 MP: 3/3
  1421 | D:2      | Found Paimpem's Assorted Antiques.
  1474 | D:2      | Found Lyisyt's Book Boutique.
  1715 | D:2      | Found a glowing silver altar of Zin.
  1763 | D:2      | Found Xiokaxen's General Store.
  1957 | D:2      | Found Kaxiopp's Jewellery Emporium.
  2166 | D:2      | Reached XP level 4. HP: 34/40 MP: 4/4
  2284 | D:3      | Reached skill level 4 in Axes
  2287 | D:3      | Noticed Jessica
  2295 | D:3      | Killed Jessica
  2296 | D:3      | Reached XP level 5. HP: 36/46 MP: 5/5
  2342 | D:3      | Reached skill level 5 in Axes
  2829 | D:3      | Found Legusetischei's General Store.
  2958 | D:4      | Found a stormy altar of Qazlal.
  2984 | D:4      | Noticed Natasha
  2999 | D:4      | Killed Natasha
  3000 | D:4      | Reached XP level 6. HP: 52/53 MP: 6/6
  3050 | D:4      | Reached skill level 6 in Axes
  3186 | D:4      | Found a glowing drain.
  3190 | Sewer    | Entered a sewer
  3227 | Sewer    | Noticed Pargi
  3251 | Sewer    | Killed Pargi
  3252 | Sewer    | Reached skill level 5 in Fighting
  3252 | Sewer    | Reached skill level 7 in Axes
  3252 | Sewer    | Reached skill level 1 in Dodging
  3252 | Sewer    | Reached XP level 7. HP: 32/61 MP: 7/7
  3525 | D:4      | Noticed Natasha
  3531 | D:4      | Killed Natasha
  3938 | D:4      | Noticed Natasha
  3942 | D:4      | Killed Natasha
  3958 | D:5      | Entered Level 5 of the Dungeon
  3971 | D:5      | Reached skill level 5 in Armour
  4046 | D:5      | Became a worshipper of Beogh the Brigand
  4047 | D:5      | Found a staircase to the Ecumenical Temple.
  4097 | D:5      | Reached skill level 8 in Axes
  4167 | D:5      | Reached XP level 8. HP: 45/69 MP: 8/8
  4228 | D:5      | Found a sand-covered staircase.
  4235 | Ossuary  | Entered an ossuary
  4261 | Ossuary  | Reached * piety under Beogh
  4341 | D:5      | Reached skill level 9 in Axes
  4446 | D:5      | Found a transporter.
  4567 | D:5      | Reached skill level 5 in Shields
  4757 | D:5      | Found a transporter.
  5094 | D:6      | Found an iron altar of Okawaru.
  5108 | D:6      | Found a shimmering blue altar of Sif Muna.
  5189 | D:6      | Reached skill level 10 in Axes
  5359 | D:6      | Found a sparkling altar of Nemelex Xobeh.
  5564 | D:6      | Found Ufetytao's Armour Shop.
  5732 | D:6      | Found a shimmering altar of Xom.
  5932 | D:7      | Reached XP level 9. HP: 78/78 MP: 9/9
  5934 | D:7      | Reached ** piety under Beogh
  6181 | D:7      | Reached skill level 11 in Axes
  6190 | D:7      | Identified a scroll of acquirement
  6190 | D:7      | Acquired the amulet "Daosaebb" {Reflect rF+ rC- Regen+
                  | SH+5}
  6266 | D:7      | Found a burning altar of Makhleb.
  6501 | D:8      | Noticed Psyche
  6519 | D:8      | Killed Psyche
  6526 | D:8      | Reached skill level 1 in Unarmed Combat
  6632 | D:8      | Reached *** piety under Beogh
  7523 | D:9      | Reached skill level 12 in Axes
  7548 | D:9      | Reached XP level 10. HP: 67/88 MP: 10/10
  7638 | D:9      | Noticed a two-headed ogre
  7649 | D:9      | Killed a two-headed ogre
  7650 | D:9      | Reached skill level 1 in Stealth
  7695 | D:9      | Gained mutation: Your muscles are strong. (Str +2) [potion
                  | of mutation]
  7695 | D:9      | Gained mutation: You are occasionally teleported next to
                  | monsters. [potion of mutation]
  7695 | D:9      | Gained mutation: You have a pair of small horns on your
                  | head. [potion of mutation]
  7696 | D:9      | Lost mutation: You have a pair of small horns on your head.
                  | [potion of mutation]
  7696 | D:9      | Lost mutation: Your muscles are strong. (Str +2) [potion of
                  | mutation]
  7696 | D:9      | Lost mutation: You are occasionally teleported next to
                  | monsters. [potion of mutation]
  7696 | D:9      | Gained mutation: You are partially covered in iridescent
                  | scales. (AC +2) [potion of mutation]
  7719 | D:9      | Found a runed translucent gate.
  7720 | D:9      | Found a runed translucent gate.
  7721 | D:9      | Noticed paps's ghost (novice GrMo)
  7722 | D:9      | Found a runed translucent gate.
  7784 | D:9      | Killed paps's ghost
  7938 | D:9      | Noticed Erica
  7938 | D:9      | Noticed a kobold demonologist
  7939 | D:9      | Noticed a kobold demonologist
  7948 | D:9      | Noticed an orange demon
  7956 | D:9      | Killed from afar by Erica

Illustrated notes

Levels and vault maps discovered:
D:1:      wander_arrival_desolate, layout_basic, serial_forest,
          infiniplex_forest_clump_cross, infiniplex_forest_end_3,
          infiniplex_forest_end_3, infiniplex_forest_straight_5,
          infiniplex_forest_lined_3, infiniplex_forest_clump_tiny,
          infiniplex_forest_straight_2, infiniplex_forest_end_double,
          infiniplex_forest_lined_3_way, infiniplex_forest_clump_C,
          basic_ecumenical_altar, skrybe_limestone_x, minmay_stone_trees_medium,
          roderic_three_in_a_row, chequers_serial_rivers_micro_e
D:2:      layout_rooms, serial_shops, shop, nicolae_shop_behind_doors,
          nicolae_shop_crystal, shop, basic_altar
D:3:      layout_rooms, serial_shops, nicolae_shop_waterfront, uniq_jessica
D:4:      layout_cave_pools, grunt_qazlal_sundering, gup_sewer_entry_spiral,
          uniq_natasha
D:5:      gammafunk_cloud_chamber, layout_cave_pools,
          minmay_temple_entry_overgrown, chequers_ossuary_entry_cave,
          kennysheep_windowed_goal
D:6:      layout_cave_pools, nicolae_overflow_quartered_altars, serial_shops,
          nicolae_inconvenience_store
D:7:      layout_rooms, mainiacjoe_overflow_paths, kennysheep_nub
D:8:      layout_basic, kennysheep_generic_room_12, uniq_psyche
D:9:      layout_roguey, zin_academy, gammafunk_ghost_split, uniq_erica

Skill      XL: |  1  2  3  4  5  6  7  8  9 10 |
---------------+-------------------------------+-----
Axes           | 3 4 5 7 8 10 12 | 12.9
Fighting       | 4 5 6 8 |  8.6
Armour         | 4 5 6 7 |  7.8
Shields        | 4 5 6 |  6.8
Dodging        | 1 2 |  2.2
Unarmed Combat | 1 2 |  2.3
Stealth        | 1 |  1.3

Action                   |  1- 3 |  4- 6 |  7- 9 | 10-12 || total
-------------------------+-------+-------+-------+-------++-------
Melee: War axe           |   113 |   150 |   284 |    43 ||   590
       Unarmed           |       |       |    23 |       ||    23
Invok: Convert to Beogh  |       |       |     1 |       ||     1
  Use: Scroll            |     5 |     4 |    12 |     1 ||    22
       Potion            |       |       |       |     3 ||     3
 Stab: Distracted        |       |       |     1 |       ||     1
Armor: Scale mail        |    41 |       |       |       ||    41
       Plate armour      |    30 |   160 |   184 |    20 ||   394
       Skin              |       |    24 |     1 |       ||    25
Dodge: Dodged            |    50 |    71 |    84 |    14 ||   219
Block: Buckler           |    20 |    75 |   100 |    19 ||   214
       Reflection        |       |       |     9 |     1 ||    10

Table legend: (Time is in decaauts)
 A = Elapsed time spent in this place.
 B = Non-inter-level travel time spent in this place.
 C = Inter-level travel time spent in this place.
 D = Time resting spent in this place.
 E = Time spent auto-exploring this place.
 F = Levels seen in this place.
 G = Mean time per level.
                   A        B        C        D        E       F      G
               +--------+--------+--------+--------+--------+-----+--------+
         Total |   8132 |   7892 |    240 |   1281 |   4043 |  11 |  739.3 |
       Dungeon |   7831 |   7591 |    240 |   1171 |   4041 |   9 |  870.1 |
         Sewer |    214 |    214 |      0 |    110 |      2 |   1 |  214.0 |
       Ossuary |     85 |     85 |      0 |      0 |      0 |   1 |   85.0 |
               +--------+--------+--------+--------+--------+-----+--------+

Top non-repeatable levels by time:
     D:1: 1440 daAuts
     D:8: 1011 daAuts
     D:5: 969 daAuts
     D:4: 886 daAuts
     D:6: 800 daAuts
     D:3: 787 daAuts
     D:2: 772 daAuts
     D:7: 682 daAuts
     D:9: 481 daAuts
   Sewer: 214 daAuts
 Ossuary: 85 daAuts
